Map: Central Protocol

Players

FrostyArcher

  • Race: Terran Terran

juhyg - Winner!

  • Race: Zerg Zerg
  • League: Bronze

VOD

Have the link to the VOD?

Description

Time

  • Played on: Feb. 5, 2016, 8:13 p.m.
  • Length: 14:37
Show
View Real Time Build Order
Export as new Build Order

FrostyArcher Terran 

Build Orders: Command Center First (CC) 

Get SALT Encoding   

  12  0:02  SCV  
  13  0:17  SCV  
  14  0:43  Supply Depot  
  14  0:44  SCV  
  15  0:51  Refinery  
  15  1:05  SCV  
  16  1:14  Supply Depot  
  16  1:18  Command Center  
  16  1:21  SCV  
  17  1:33  SCV  
  18  1:46  Barracks  
  18  1:47  SCV  
  19  1:59  SCV  
  20  2:04  Barracks  
  20  2:11  SCV  
  21  2:32  Engineering Bay  
  21  2:36  Orbital Command  
  21  2:49  Supply Depot  
  21  3:07  Factory  
  21  3:29  Marine x2  
  21  3:34  Terran Infantry Weapons Level 1  
  23  3:43  SCV  
  24  3:50  Supply Depot, Refinery  
  24  3:57  Barracks Reactor  
  24  4:11  Starport  
  24  4:25  Refinery  
  24  4:33  Marine  
  24  4:34  Marine  
  26  4:43  Factory Tech Lab  
  26  5:05  Siege Tank  
  29  5:07  Factory  
  29  5:08  Marine x2  
  31  5:20  Marine  
  32  5:26  Marine  
  32  5:28  Terran Infantry Armor Level 1  
  33  5:37  SCV  
  34  5:45  Marine  
  34  5:49  Medivac  
  36  6:28  Sensor Tower  
  36  6:29  Liberator  
  39  6:57  Starport  
  39  6:58  Barracks Tech Lab  
  39  7:06  Armory  
  39  7:09  Hellion  
  39  7:14  Factory Tech Lab  
  39  7:15  Liberator  
  41  7:30  Hellion  
  46  7:43  Missile Turret  
  46  7:47  Marine x2  
  48  7:55  Starport  
  48  8:20  Liberator  
  48  8:39  Sensor Tower, Command Center  
  51  8:45  Marine x3  
  54  9:12  Terran Vehicle Weapons Level 1  
  54  9:15  Fusion Core  
  54  9:26  Supply Depot  
  54  9:29  Hellbat  
  56  9:34  Hellbat  
  58  9:50  Hellbat  
  58  9:51  Planetary Fortress  
  60  9:55  Hellbat  
  62  10:02  Refinery  
  62  10:39  Missile Turret  
  62  10:40  Starport Reactor  
  62  10:43  Starport Reactor  
  62  10:45  Starport Tech Lab  
  62  10:51  Hi-Sec Auto Tracking  
  62  10:52  Missile Turret  
  62  11:07  Bunker  
  62  11:24  Missile Turret  
  62  11:31  Missile Turret  
  62  11:35  Marine x2  
  64  11:47  Neosteel Frame, Engineering Bay  
  64  11:49  Battlecruiser  
  64  11:54  Medivac  
  72  11:55  Medivac  
  74  12:13  Missile Turret  
  74  12:30  Missile Turret  
  74  12:35  Reaper x3  
  77  12:49  Combat Shields  
  77  13:16  Refinery  
  77  13:33  Supply Depot  
  77  13:34  Missile Turret  
  77  13:43  Sensor Tower  
Show
View Real Time Build Order
Export as new Build Order

juhyg Zerg - Winner!

Build Orders: Hatch First 

Get SALT Encoding   

  12  0:12  Drone  
  12  0:13  Drone  
  14  0:16  Overlord  
  14  0:46  Drone  
  15  0:50  Drone, Hatchery  
  15  0:55  Drone  
  16  0:58  Drone  
  17  1:09  Drone  
  18  1:19  Spawning Pool  
  17  1:31  Drone x2  
  19  1:39  Extractor  
  18  1:47  Extractor  
  17  1:49  Drone  
  18  1:57  Drone  
  19  2:14  Queen  
  21  2:16  Queen  
  21  2:18  Drone  
  21  2:19  Drone x3  
  27  2:28  Zergling x2  
  28  2:30  Overlord  
  28  2:43  Overlord x2  
  28  2:49  Drone  
  29  3:12  Drone x3  
  32  3:13  Drone x2  
  34  3:21  Lair  
  34  3:23  Drone  
  34  3:24  Drone  
  34  3:25  Drone x3  
  39  3:43  Roach Warren  
  39  3:45  Drone x3  
  41  3:53  Extractor  
  40  3:55  Extractor  
  39  4:34  Metabolic Boost  
  39  4:42  Spire  
  39  4:45  Hydralisk Den  
  37  4:46  Roach x3  
  37  4:47  Roach x4  
  37  4:48  Overlord x4  
  37  4:49  Overlord  
  51  5:02  Spore Crawler  
  51  5:05  Spore Crawler  
  49  5:11  Spore Crawler  
  48  5:15  Spore Crawler  
  48  5:18  Hydralisk x2  
  52  5:21  Zergling x4  
  52  5:28  Hydralisk  
  55  5:45  Hydralisk x2  
  55  5:47  Zergling x4  
  61  5:58  Hydralisk  
  61  5:59  Hydralisk  
  65  6:08  Drone x2  
  67  6:11  Drone  
  67  6:13  Drone  
  68  6:41  Roach x6  
  68  6:43  Roach  
  82  6:49  Zerg Flyer Weapons Level 1  
  82  6:56  Muscular Augments  
  82  7:00  Hydralisk  
  84  7:03  Zergling x2  
  85  7:11  Roach x2  
  89  7:18  Mutalisk  
  91  7:23  Overlord  
  91  7:27  Overseer x2  
  91  7:50  Overseer x2  
  91  7:54  Mutalisk  
  91  7:56  Mutalisk  
  95  8:02  Overlord  
  95  8:11  Hatchery  
  94  8:24  Corruptor x2  
  98  8:27  Overlord  
  98  8:29  Overlord  
  98  8:37  Overlord  
  98  8:40  Overlord  
  98  8:58  Drone  
  98  8:59  Drone x6  
  105  9:05  Roach  
  107  9:15  Hydralisk x2  
  111  9:24  Drone  
  111  9:29  Spore Crawler  
  111  9:30  Spore Crawler  
  110  9:43  Spine Crawler  
  110  9:44  Drone  
  110  9:46  Drone  
  111  9:53  Roach x4  
  111  9:54  Roach  
  121  10:05  Spine Crawler  
  120  10:08  Drone x2  
  122  10:21  Corruptor x3  
  122  10:24  Roach  
  130  10:35  Glial Reconstitution  
  130  10:37  Zerg Flyer Armor Level 1  
  130  10:51  Infestation Pit  
  130  10:53  Drone x4  
  133  10:57  Drone x3  
  136  11:05  Overlord x3  
  136  11:06  Overlord  
  136  11:25  Mutalisk x5  
  136  11:26  Mutalisk  
  136  11:29  Mutalisk  
  136  11:32  Drone x2  
  152  11:33  Drone  
  153  11:48  Drone  
  154  11:54  Mutalisk x2  
  154  11:55  Mutalisk x4  
  154  11:56  Mutalisk  
  154  11:58  Zergling x2  
  169  12:13  Hive  
  169  12:19  Overlord x3  
  169  12:20  Overlord  
  169  12:22  Overseer x2  
  169  12:39  Drone x2  
  171  12:45  Corruptor x2  
  171  12:46  Corruptor x2  
  171  12:48  Zergling x4  
  171  12:49  Zergling x4  
  183  12:57  Roach x2  
  187  13:06  Roach  
  187  13:07  Roach x5  
Tags
 
Add a new tag
Caveats
  • Supply blocks, unpowered buildings, or Contaminate may cause inaccurate times.
  • Supply counts are checked every 10 seconds.